 Dungeon Crawl Stone Soup version 0.22.1-2-g9c5b331 (webtiles) character file.

273 Coldstonesans the Covered (level 6, -17/56 HPs)
             Began as a Deep Dwarf Fighter on Jan 6, 2019.
             Engulfed by a cloud of flame (26 damage)
             ... on level 3 of the Dungeon.
             The game lasted 00:08:41 (2032 turns).

Coldstonesans the Covered (Deep Dwarf Fighter)      Turns: 2032, Time: 00:08:42

Health: -17/56     AC:  7    Str: 21    XL:     6   Next: 3%
Magic:  6/6        EV:  7    Int:  9    God:
Gold:   93         SH:  9    Dex: 12    Spells: 5/5 levels left

rFire    . . .     SeeInvis .   a - +0 long sword
rCold    . . .     Gourm    .   c - +0 shield
rNeg     . . .     Faith    .   b - +0 scale mail
rPois    .         Spirit   .   (no helmet)
rElec    .         Reflect  .   (no cloak)
rCorr    .         Harm     .   (no gloves)
MR       .....                  (no boots)
Stlth    ..........             (no amulet)
HPRegen  0.00/turn              (no ring)
MPRegen  0.10/turn              (no ring)

@: lethally poisoned (-17 -> -17), non-regenerating
A: damage resistance, heal wounds, sense surroundings 1, no regeneration
a: Heal Wounds


You were on level 3 of the Dungeon.
You were hungry.

You visited 1 branch of the dungeon, and saw 3 of its levels.

You collected 93 gold pieces.

Inventory:

Hand Weapons
 a - a +0 long sword (weapon)
 q - a +1 quarterstaff of draining
Armour
 b - a +0 scale mail (worn)
 c - a +0 shield (worn)
Scrolls
 h - a scroll of amnesia {unknown}
 j - 3 scrolls of identify
 n - a scroll of blinking {unknown}
 o - a scroll of enchant armour {unknown}
 p - a scroll of remove curse
 s - a scroll of fog {unknown}
 t - a scroll of noise {unknown}
 u - a scroll of magic mapping {unknown}
Potions
 d - a potion of might
 e - 4 potions of curing
 i - a potion of resistance {unknown}
 k - a potion of degeneration {unknown}
 l - 2 potions of haste {unknown}
 m - a potion of mutation {unknown}
 r - a potion of flight {unknown}
 v - 2 potions of heal wounds {unknown}
Comestibles
 f - 4 rations


   Skills:
 + Level 3.4 Fighting
 * Level 3.9 Long Blades
 * Level 5.1 Armour
 + Level 4.2 Shields


You had 5 spell levels left.
You didn't know any spells.
Your spell library was empty.

Dungeon Overview and Level Annotations

Branches:
Dungeon (3/15)

Altars:
Hepliaklqana
Xom

Portals:
Sewer: D:3


Innate Abilities, Weirdness & Mutations

You are resistant to damage.
You can heal yourself by infusing magical energy.
You passively map a small area around you.
You do not regenerate.


Message History

The gnoll explodes!
The fiery explosion engulfs the gnoll.
The gnoll explodes!
The fiery explosion engulfs the gnoll.
The gnoll explodes!
The fiery explosion engulfs Jessica.
You kill Jessica!
The fiery explosion engulfs the gnoll.
The gnoll explodes!
The fiery explosion engulfs the jackal.
The jackal explodes!
Your Armour skill increases to level 5!
The fiery explosion engulfs you!
* * * LOW HITPOINT WARNING * * *
You have reached level 6!
Your experience leads to an increase in your attributes!
Increase (S)trength, (I)ntelligence, or (D)exterity?
You feel stronger.
You are engulfed in blazing flames.
You die...

###.# #.###.# * ...#
#.# #.# *
##.####.###.#
##...........# *
,#.....##.##..# ,
,##...###.>...# *
*##.## ####.## #.# #.#
,* #@# ##.##### #§#
#......# * §§§ *
#..###.# * §§§§§
#......# **.§§§§§§
#.##...#
%......%.##.#....####
+.........+...........
*,
#.........##........##
##.....†.#


There were no monsters in sight!

Vanquished Creatures
  Jessica (D:3)
  Terence (D:2)
  A worker ant (D:3)
  10 gnolls
  5 adders
  3 dart slugs
  3 leopard geckos
  4 giant cockroaches (D:3)
  2 goblins
  7 hobgoblins
  2 jackals (D:3)
  3 ball pythons (D:3)
  6 bats
  2 frilled lizards
  3 kobolds
  6 rats
59 creatures vanquished.

Notes
Turn   | Place    | Note
-------+----------+-------------------------------------------
     0 | D:1      | Coldstonesans the Deep Dwarf Fighter began the quest for
                  | the Orb.
     0 | D:1      | Reached XP level 1. HP: 20/20 MP: 1/1
   137 | D:1      | Reached XP level 2. HP: 27/27 MP: 2/2
   623 | D:2      | Reached XP level 3. HP: 28/33 MP: 3/3
   720 | D:2      | Reached skill level 4 in Armour
  1026 | D:2      | Noticed Terence
  1028 | D:2      | Reached XP level 4. HP: 40/42 MP: 4/4
  1047 | D:2      | Killed Terence
  1164 | D:2      | Found a shimmering altar of Xom.
  1543 | D:3      | Found a glowing drain.
  1559 | D:3      | Reached XP level 5. HP: 33/49 MP: 5/5
  1681 | D:3      | Found a hazy altar of Hepliaklqana.
  2011 | D:3      | Noticed Jessica
  2032 | D:3      | Killed Jessica
  2032 | D:3      | Reached skill level 5 in Armour
  2032 | D:3      | Reached XP level 6. HP: 9/56 MP: 6/6
  2032 | D:3      | Engulfed by a cloud of flame

Skill      XL: |  1  2  3  4  5 |
---------------+----------------+-----
Fighting       | 3 |  3.4
Armour         | 4 5 |  5.1
Long Blades    | 3 |  3.9
Shields        | 4 |  4.2

Action                   |  1- 3 |  4- 6 || total
-------------------------+-------+-------++-------
Melee: Long sword        |    73 |   123 ||   196
 Abil: Heal Wounds       |     1 |       ||     1
  Use: Potion            |     1 |       ||     1
       Scroll            |       |     3 ||     3
  Eat: Ration            |     1 |       ||     1
Armor: Scale mail        |    37 |    44 ||    81
Dodge: Dodged            |    21 |    41 ||    62
Block: Shield            |    46 |    69 ||   115
       Rpst.: Long sword |     7 |    11 ||    18
